 Dungeon Crawl Stone Soup version 0.24.0-125-gc4c63601f3 (webtiles) character file.

Game seed: 2299100497777506528, levelgen mode: deterministic

10699 Frank2 the Basher (level 11, -1/86 HPs)
             Began as a Demonspawn Gladiator on Mar 12, 2020.
             Was an Elder of Makhleb.
             Killed by divine providence
             ... invoked by a meliai
              (15 damage)
             ... on level 13 of the Dungeon.
             The game lasted 00:20:53 (9558 turns).

Frank2 the Basher (Demonspawn Gladiator)            Turns: 9558, Time: 00:20:53

Health: -1/86      AC: 15    Str: 15    XL:     11   Next: 39%
Magic:  14/14      EV: 15    Int: 10    God:    Makhleb [****..]
Gold:   620        SH:  3    Dex: 17    Spells: 10/10 levels left

rFire    + . .     SeeInvis +   q - +5 flail (crush)
rCold    . . .     Gourm    .   (no shield)
rNeg     . . .     Faith    .   i - +0 ring mail
rPois    .         Spirit   .   a - +0 mask of the Dragon {MR+ Slay+3 SInv}
rElec    .         Reflect  +   v - scarf {repulsion}
rCorr    +         Harm     .   (no gloves)
MR       +....                  (no boots)
Stlth    +.........             y - +3 amulet of reflection
HPRegen  0.24/turn              x - ring of resist corrosion
MPRegen  0.14/turn              D - ring of protection from fire

@: lethally poisoned (-1 -> -48), sanguine armour, repel missiles
A: talons 1, demonic guardian 2, powered by pain 1, sanguine armour 2
a: Minor Destruction, Lesser Servant of Makhleb, Major Destruction, Renounce
Religion


You were on level 13 of the Dungeon.
You worshipped Makhleb.
Makhleb was greatly pleased with you.
You were hungry.

You visited 2 branches of the dungeon, and saw 14 of its levels.
You also visited: Sewer.

You collected 620 gold pieces.

Inventory:

Hand Weapons
 d - the cursed +0 long sword of Bimeng {slice, rF+, unknown}
   (You found it on level 10 of the Dungeon)

   It inflicts extra damage upon your enemies.
   It protects you from fire.
   It has a curse placed upon it.
 q - a +5 flail of crushing (weapon)
Missiles
 m - a throwing net (quivered)
Armour
 a - the +0 mask of the Dragon (worn) {MR+ Slay+3 SInv}
   (You found it on level 9 of the Dungeon)

   It affects your accuracy and damage with ranged weapons and melee attacks
   (+3).
   It affects your resistance to hostile enchantments.
   It lets you see invisible.
 i - a +0 ring mail (worn)
 v - a scarf of repulsion (worn)
Jewellery
 x - a ring of resist corrosion (left hand)
 y - a +3 amulet of reflection (around neck)
 D - a ring of protection from fire (right hand)
Wands
 l - a wand of iceblast (3)
 s - a wand of disintegration (7)
Scrolls
 g - a scroll of teleportation
 h - 4 scrolls of remove curse
 p - a scroll of fear
 t - 3 scrolls of fog
Potions
 b - 2 potions of agility
 e - a potion of heal wounds
 j - 2 potions of might
 k - 2 potions of flight
 n - a potion of mutation
 r - 3 potions of curing
 z - a potion of haste
Comestibles
 f - 18 rations


   Skills:
 + Level 7.9 Fighting
 + Level 11.1 Maces & Flails
 - Level 1.7 Throwing
 + Level 6.7 Armour
 + Level 6.4 Dodging
 * Level 5.1 Invocations
 * Level 3.8 Evocations


You had 10 spell levels left.
You didn't know any spells.
Your spell library contained the following spells:

 Spells                   Type           Power        Failure   Level  Hunger
 Infusion                 Chrm           #...         56%         1    ##.....
 Shroud of Golubria       Chrm/Tloc      #.....       71%         2    ###....
 Song of Slaying          Chrm           #.......     71%         2    ###....
 Regeneration             Chrm/Necr      #.........   90%         3    ####...
 Spectral Weapon          Hex/Chrm       #.......     90%         3    ####...


Dungeon Overview and Level Annotations

Branches:
Dungeon (14/15)            Temple (1/1) D:4            Lair (0/6) D:8
  Sewer (visited)
    Orc: D:9-12      Vaults: D:13-14

Altars:
Ashenzari
Cheibriados
Dithmenos
Elyvilon
Fedhas
Hepliaklqana
Makhleb
Nemelex Xobeh
Okawaru
Ru
Uskayaw
Vehumet
Wu Jian
Xom
Yredelemnul
Zin
The Shining One

Shops:
D:6 [   D:7 =!%*

Portals:
Trove: D:11 (give +5 demon whip)

Annotations:
D:6 1 runed translucent door, Peloso's ghost, amateur MiFi
D:13 Sonja


Innate Abilities, Weirdness & Mutations

You have sharp toenails.
A demonic guardian rushes to your aid.
You sometimes gain a little power by taking damage.
When seriously injured, your bleeding wounds create thick armour. (AC +9)


Message History

You closely miss the meliai.
You feel sick. The meliai hits you with a +0 hand axe!
The meliai hits your ice devil but does no damage.
The meliai stings you.
* * * LOW HITPOINT WARNING * * *
You are lethally poisoned!
The meliai poisons you! The meliai closely misses you. The meliai stings you.
* * * LOW HITPOINT WARNING * * *
You are more poisoned.
The meliai poisons you!
You closely miss the meliai. Your kick misses the meliai.
* * * LOW HITPOINT WARNING * * *
You feel very sick. The meliai hits you with a +0 hand axe.
* * * LOW HITPOINT WARNING * * *
The meliai hits your ice devil but does no damage.
The meliai closely misses you.
The meliai mumbles some strange prayers to its god against you.
Something smites you!
You die...

#####
#####...#
##.......#
##..#######
####..##
###...y4##
#.....#@.#
#...####y##
##).# ##)##
#..##
##รท##
##..## #..#
##..## ##.#
##..####.#
##.>##..#
##....##


You could see 2 meliai and a friendly ice devil.

Vanquished Creatures
  Agnes (D:14)
  A centaur warrior (D:13)
  A tengu warrior (D:13)
  A deep elf mage (D:14)
  A manticore (D:13)
  A gargoyle (D:14)
  A troll (D:9)
  A meliai (D:13)
  3 hippogriffs
  A wyvern (D:10)
  Grum (D:9)
  Menkaure (D:7)
  A water moccasin (D:11)
  A sky beast (D:8)
  5 orc warriors
  An ice beast (D:10)
  3 phantoms
  2 wolves (D:9)
  8 centaurs
  4 ogres
  3 big kobolds
  4 bullfrogs
  A wyvern zombie (D:7)
  A gnoll sergeant (D:9)
  2 scorpions
  A wyvern skeleton (D:8)
  4 electric eels
  5 crimson imps
  A bullfrog zombie (D:10)
  A quasit (D:8)
  9 orc priests
  A bullfrog skeleton (D:10)
  3 centaur skeletons
  3 hounds
  3 jellies
  4 iguanas
  10 orc wizards
  5 worker ants
  A hound zombie (D:10)
  10 adders
  6 gnolls
  6 river rats
  3 shadow imps
  6 worms
  2 adder zombies
  6 leopard geckos
  43 orcs
  A ball python (D:4)
  7 bats
  6 giant cockroaches
  10 goblins
  9 hobgoblins
  7 jackals
  2 quokkas
  4 frilled lizards
  A jackal zombie (D:6)
  22 kobolds
  A quokka skeleton (D:6)
  13 rats
266 creatures vanquished.

Vanquished Creatures (collateral kills)
  Pikel (D:7)
  An ugly thing (D:13)
  A troll (D:10)
  A hippogriff (D:14)
  A sky beast (D:9)
  A slave (D:7)
  An ice beast (D:5)
  A wolf (D:9)
  A centaur (D:13)
  Ijyb (D:3)
  An orc wizard (D:8)
  A worker ant zombie (D:9)
  2 gnolls (D:2)
  2 orcs (D:4)
  2 kobolds (D:8)
18 creatures vanquished.

Vanquished Creatures (others)
  2 slaves (D:7)
  A necrophage (D:7)
  3 bullfrogs (D:7)
  A crimson imp (D:14)
  A jelly (D:7)
  3 kobolds (D:7)
  A withered plant (D:6)
12 creatures vanquished.

Grand Total: 296 creatures vanquished

Notes
Turn   | Place    | Note
-------+----------+-------------------------------------------
     0 | D:1      | Frank2 the Demonspawn Gladiator began the quest for the
                  | Orb.
     0 | D:1      | Reached XP level 1. HP: 16/16 MP: 1/1
   263 | D:1      | Reached skill level 3 in Maces & Flails
   263 | D:1      | Gained mutation: When seriously injured, your bleeding
                  | wounds create armour. (AC +9) [demonic ancestry]
   263 | D:1      | Reached XP level 2. HP: 22/22 MP: 2/2
   936 | D:2      | Gained mutation: A weak demonic guardian rushes to your
                  | aid. [demonic ancestry]
   936 | D:2      | Reached XP level 3. HP: 27/27 MP: 3/3
  1088 | D:2      | Gained mutation: A demonic guardian rushes to your aid.
                  | [demonic ancestry]
  1088 | D:2      | Reached XP level 4. HP: 24/34 MP: 4/4
  1227 | D:2      | Reached skill level 1 in Armour
  1379 | D:2      | Reached skill level 4 in Maces & Flails
  1853 | D:2      | Gained mutation: You have sharp toenails. [demonic
                  | ancestry]
  1853 | D:2      | Reached XP level 5. HP: 28/39 MP: 5/5
  1898 | D:3      | Found a sparkling altar of Nemelex Xobeh.
  1971 | D:3      | Found a faded altar of an unknown god.
  2180 | D:3      | Noticed Ijyb
  2188 | D:3      | Paralysed by Ijyb for 5 turns
  2197 | D:3      | Killed Ijyb
  2423 | D:4      | Noticed a phantom
  2463 | D:4      | Killed a phantom
  2463 | D:4      | Reached XP level 6. HP: 24/46 MP: 6/6
  2502 | D:4      | Found a glowing drain.
  2508 | Sewer    | Entered a sewer
  2660 | Sewer    | Reached skill level 5 in Maces & Flails
  2682 | Sewer    | Found a glowing silver altar of Zin.
  2866 | D:4      | Found a staircase to the Ecumenical Temple.
  2873 | Temple   | Entered the Ecumenical Temple
  2994 | Temple   | Became a worshipper of Makhleb the Destroyer
  3153 | D:4      | Gained mutation: When seriously injured, your bleeding
                  | wounds create thick armour. (AC +9) [demonic ancestry]
  3153 | D:4      | Reached XP level 7. HP: 47/52 MP: 7/7
  3749 | D:5      | Entered Level 5 of the Dungeon
  4225 | D:5      | Reached skill level 6 in Maces & Flails
  4575 | D:5      | Gained mutation: You sometimes gain a little power by
                  | taking damage. [demonic ancestry]
  4575 | D:5      | Reached XP level 8. HP: 26/60 MP: 8/8
  4905 | D:6      | Found a shattered altar of Ashenzari.
  4939 | D:6      | Found Saomoghe's Armour Shop.
  4947 | D:6      | Reached * piety under Makhleb
  5017 | D:6      | Found a runed translucent door.
  5018 | D:6      | Noticed Peloso's ghost (amateur MiFi)
  5070 | D:6      | Reached skill level 7 in Maces & Flails
  5095 | D:6      | Found a shadowy altar of Dithmenos.
  5503 | D:7      | Noticed Menkaure
  5514 | D:7      | Killed Menkaure
  5518 | D:7      | Noticed Pikel
  5534 | D:7      | Killed Pikel
  5843 | D:7      | Reached skill level 5 in Fighting
  5843 | D:7      | Reached skill level 8 in Maces & Flails
  6024 | D:7      | Found a hazy altar of Hepliaklqana.
  6030 | D:7      | Reached XP level 9. HP: 50/68 MP: 6/9
  6062 | D:7      | Found Ubreebot's Distillery.
  6165 | D:7      | Found Xucuc's Jewellery Boutique.
  6271 | D:7      | Reached skill level 5 in Dodging
  6354 | D:7      | Found Fytas's Food Shoppe.
  6369 | D:7      | Found Pezul's Assorted Antiques.
  6565 | D:8      | HP: 3/68 [orc warrior/+2 flail of holy wrath (3)]
  6570 | D:8      | Reached ** piety under Makhleb
  6570 | D:8      | Reached skill level 5 in Armour
  6994 | D:8      | Reached skill level 9 in Maces & Flails
  7049 | D:8      | Found an iron altar of Okawaru.
  7051 | D:8      | Found a glowing golden altar of the Shining One.
  7199 | D:8      | Found a blossoming altar of Fedhas.
  7285 | D:8      | Found a staircase to the Lair.
  7577 | D:9      | Noticed a troll
  7583 | D:9      | Killed a troll
  7801 | D:9      | Found the +0 mask of the Dragon {MR+ Slay+3 SInv}
  7858 | D:9      | Reached *** piety under Makhleb
  8061 | D:9      | Noticed Grum
  8067 | D:9      | Reached XP level 10. HP: 63/77 MP: 10/10
  8076 | D:9      | Killed Grum
  8241 | D:10     | Entered Level 10 of the Dungeon
  8248 | D:9      | Got an iridescent lajatang
  8249 | D:9      | Identified the +6 lajatang of Duty {drain, rC+ rN+ Int+7
                  | Dex-4} (You found it on level 9 of the Dungeon)
  8284 | D:10     | Reached skill level 10 in Maces & Flails
  8305 | D:10     | Got an ebony long sword
  8775 | D:10     | Reached skill level 1 in Invocations
  8775 | D:10     | Reached skill level 1 in Evocations
  8967 | D:11     | Found a portal to a secret trove of treasure.
  8974 | D:11     | You fall into a shaft and drop 3 floors!
  9022 | D:14     | Noticed Agnes
  9036 | D:14     | Killed Agnes
  9082 | D:14     | Noticed a gargoyle
  9090 | D:14     | Killed a gargoyle
  9092 | D:14     | Reached XP level 11. HP: 74/84 MP: 13/13
  9092 | D:14     | Noticed a deep elf mage
  9101 | D:14     | Noticed a tengu warrior
  9107 | D:14     | Killed a deep elf mage
  9109 | D:14     | Noticed a centaur warrior
  9120 | D:13     | Killed a tengu warrior
  9166 | D:13     | Noticed a red ugly thing
  9178 | D:13     | Killed a red ugly thing
  9200 | D:13     | Reached skill level 11 in Maces & Flails
  9234 | D:13     | Noticed a centaur warrior
  9256 | D:13     | Killed a centaur warrior
  9260 | D:13     | Reached skill level 5 in Invocations
  9268 | D:13     | Reached **** piety under Makhleb
  9320 | D:13     | Noticed Sonja
  9320 | D:13     | Noticed a centaur warrior
  9320 | D:13     | Noticed a centaur warrior
  9324 | D:13     | Noticed a two-headed ogre
  9558 | D:13     | Killed from afar by a meliai

Levels and vault maps discovered:
D:1:      dpeg_arrival_simpleton_b, layout_loops_ring
D:2:      layout_rooms, kennysheep_generic_room_10
D:3:      layout_rooms, nemelex_xobeh_ov_fountains_minmay,
          chequers_ecumenical_altar_simple, first_ration, uniq_ijyb
D:4:      cheibrodos_pilgrimage, layout_loops_ring, temple_green,
          lightli_sewer_entry_pipes
D:5:      layout_cave_pods
D:6:      layout_rooms, ashenzari_conservatory_becter, grunt_dithmenos_shadows,
          gammafunk_ghost_grave, serial_shops, nicolae_shop_window_shopping,
          minmay_between
D:7:      layout_loops_ring, old_standard_altar, serial_shops, shop,
          nicolae_shop_statue_plus, shop_statue, shop_statue,
          serial_bayou_ford_a, grunt_ministairs_8, uniq_pikel, uniq_menkaure
D:8:      layout_basic, fedhas_altar_4, nicolae_overflow_hidden_temple,
          lair_entry_dummy, serial_curves, eino_curves_01, eino_curves_02,
          kennysheep_generic_room_6
D:9:      layout_rooms, uniq_grum
D:10:     layout_big_octagon
D:11:     layout_cave_pods, orc_0_dummy, enter_trove_0, hangedman_ranch
          [blue_anna_fruit_fields]
D:13:     layout_layer_cave, uniq_sonja, uniq_urug, uniq_maurice
D:14:     layout_long_grid, david_vaults_4, serial_shops, freezing_bzr,
          xom_redecorated, gauntlet_entry_generic, enter_bailey_2, uniq_agnes
Temple:   regret_index_temple_generic_petals

Skill      XL: |  1  2  3  4  5  6  7  8  9 10 11 |
---------------+----------------------------------+-----
Maces & Flails | 3 4 5 6 8 9 10 11 | 11.1
Dodging        | 3 4 5 6 |  6.4
Armour         | 1 2 3 4 5 6 |  6.7
Fighting       | 3 5 6 7 |  7.9
Invocations    | 3 5 |  5.1
Evocations     | 3 |  3.8
Throwing       | |  1.7

Action                   |  1- 3 |  4- 6 |  7- 9 | 10-12 || total
-------------------------+-------+-------+-------+-------++-------
Melee: Flail             |   122 |   257 |   416 |   142 ||   937
       Kick              |       |    42 |   125 |    34 ||   201
Throw: Throwing net      |       |       |     1 |     1 ||     2
Evoke: Wand              |       |       |     2 |    12 ||    14
  Use: Scroll            |     6 |     6 |    11 |     6 ||    29
       Potion            |     1 |     1 |     3 |     4 ||     9
 Stab: Sleeping          |       |       |     7 |       ||     7
  Eat: Chunk             |       |     6 |    14 |     5 ||    25
       Ration            |       |       |     1 |       ||     1
Armor: Leather armour    |    18 |       |       |       ||    18
       Ring mail         |    24 |   118 |   134 |    58 ||   334
Dodge: Dodged            |   117 |   171 |   270 |   121 ||   679
       Deflected         |       |       |       |    17 ||    17
Block: Other             |       |       |     9 |    20 ||    29
       Reflection        |       |       |     1 |     7 ||     8
